 Dungeon Crawl Stone Soup version 0.30-a0-847-g17996783a1 (webtiles) character file.

Game seed: 6706287534767546174

578 drewk1942 the Sneak (level 7, -13/41 HPs)
             Began as an Octopode Conjurer on Mar 3, 2023.
             Mangled by Duvessa
             ... wielding a +0 rapier
              (18 damage)
             ... on level 5 of the Dungeon.
             The game lasted 00:08:35 (4983 turns).

drewk1942 the Sneak (Octopode Conjurer)             Turns: 4983, Time: 00:08:36

Health: -13/41     AC:  1    Str:  6    XL:     7   Next: 36%
Magic:  4/12       EV: 15    Int: 23    God:
Gold:   200        SH:  0    Dex: 16    Spells: 6/13 levels left

rFire   . . .      SeeInvis .    z - +1 dagger (freeze)
rCold   + . .      Faith    .    (no shield)
rNeg    + . .      Spirit   .    (helmet restricted)
rPois   .          Reflect  .    (no amulet)
rElec   .          Rampage  .    d - +6 ring of dexterity
rCorr   .                        g - ring of positive energy
Will    .....                    h - ring of ice
Stlth   ++++                     p - ring of fire
HPRegen 0.26/turn                v - ring of protection from cold
MPRegen 0.13/turn                (no ring)
                                 (no ring)
                                 (no ring)

@: no status effects
A: almost no armour, amphibious, 8 rings, camouflage 1, gelatinous body 1,
(nimble swimmer 1), tentacles
a: no special abilities


You were on level 5 of the Dungeon.
You visited 1 branch of the dungeon, and saw 5 of its levels.

You collected 239 gold pieces.
You spent 39 gold pieces at shops.

Inventory:

Hand Weapons
 k - a +0 dagger
 z - a +1 dagger of freezing (weapon)
Jewellery
 d - a +6 ring of dexterity (left tentacle)
 g - a ring of positive energy (right tentacle)
 h - a ring of ice (on tentacle)
 p - a ring of fire (on tentacle)
 v - a ring of protection from cold (on tentacle)
Wands
 e - a wand of acid (9)
 o - a wand of flame (20)
Scrolls
 b - 4 scrolls of noise
 i - a scroll of enchant armour {unknown}
 m - 3 scrolls of identify
 u - 3 scrolls of butterflies {unknown}
 w - a scroll of teleportation
 y - a scroll of enchant weapon
Potions
 a - a potion of magic
 c - a potion of berserk rage {unknown}
 f - 3 potions of curing
 j - 2 potions of attraction
 l - 2 potions of might {unknown}
 n - a potion of brilliance {unknown}
 q - a potion of flight {unknown}
 r - 2 potions of degeneration {unknown}
 s - a potion of invisibility {unknown}
 t - a potion of heal wounds
 x - a potion of haste {unknown}


   Skills:
 + Level 4.1 Dodging
 + Level 6.1 Stealth
 + Level 3.8 Spellcasting
 + Level 5.4 Conjurations
 + Level 1.1 Translocations


You had 6 spell levels left.
You knew the following spells:

 Your Spells              Type           Power      Damage    Failure   Level
a - Magic Dart            Conj           100%       1d8       1%          1
b - Searing Ray           Conj           58%        2d6       1%          2
c - Iskenderun's Mystic   Conj/Tloc      19%        2d6       26%         4

Your spell library contained the following spells:

 Spells                   Type           Power      Damage    Failure   Level
 Kiss of Death            Conj/Necr      64%        2d10      3%          1
 Shock                    Conj/Air       64%        1d7       3%          1
 Dazzling Flash           Conj/Hex       32%        N/A       11%         3
 Cigotuvi's Dreadful Rot  Necr/Pois/Air  8%         N/A       16%         2
 Gell's Gravitas          Tloc           9%         N/A       21%         3
 Teleport Other           Tloc           9%         N/A       21%         3
 Confusing Touch          Hex            4%         N/A       32%         3
 Swiftness                Air            4%         N/A       32%         3
 Fulminant Prism          Conj/Hex       8%         3d7       34%         4
 Airstrike                Air            2%         2d(1-17)  71%         4
 Dispel Undead            Necr           4%         3d7       71%         4
 Death Channel            Necr           2%         N/A       100%        6
 Dispersal                Tloc           4%         N/A       100%        6


Dungeon Overview and Level Annotations

Branches:
Dungeon (5/15)
 Temple: D:4-7

Altars:
Cheibriados

Shops:
D:1 !

Annotations:
D:4 1 runed translucent door, hero57213's ghost, amateur MiFi
D:5 Duvessa


Innate Abilities, Weirdness & Mutations

You cannot wear most types of armour.
You are amphibious.
You can wear up to eight rings at the same time.
Your skin changes colour to match your surroundings (Stealth+).
Your rubbery body absorbs attacks. (AC +1, EV +1)
((You are camouflaged when in or above water. (Stealth+)))
You have tentacles for arms and can constrict up to eight enemies at once.


Message History

Aiming: Corrosive Bolt
Press: ? - help, Shift-Dir - straight line, f - Duvessa
Aim: Duvessa, wielding a +0 rapier and wearing a +0 leather armour (berserk, 75% to hit)
The bolt of acid hits Duvessa!
The acid corrodes Duvessa!
Duvessa is moderately wounded.
Aiming: Corrosive Bolt
Press: ? - help, Shift-Dir - straight line, f/p - Duvessa
Aim: Duvessa, wielding a +0 rapier and wearing a +0 leather armour (moderately wounded, berserk, covered in acid, 75% to hit)
The bolt of acid misses Duvessa.
Casting: Magic Dart (safe; 1% risk of failure)
Confirm with . or Enter, or press ? or * to list all spells.
Aiming: Searing Ray (safe; 1% risk of failure)
Press: ? - help, Shift-Dir - straight line, f/p - Duvessa
Aim: Duvessa, wielding a +0 rapier and wearing a +0 leather armour (moderately wounded, berserk, covered in acid, 82% to hit)
The searing ray hits Duvessa!
Duvessa is moderately wounded. (Press . to maintain the ray.) Duvessa hits you with a +0 rapier.
The searing ray hits Duvessa!
Duvessa is heavily wounded.
Duvessa completely misses you.
The searing ray hits Duvessa.
Duvessa is severely wounded.
Duvessa hits you with a +0 rapier! Duvessa barely misses you.
The searing ray hits Duvessa.
Duvessa is severely wounded.
You finish channelling your searing ray.
Duvessa hits you with a +0 rapier.
Casting: Searing Ray (safe; 1% risk of failure)
Confirm with . or Enter, or press ? or * to list all spells.
Aiming: Searing Ray (safe; 1% risk of failure)
Press: ? - help, Shift-Dir - straight line, f/p - Duvessa
Aim: Duvessa, wielding a +0 rapier and wearing a +0 leather armour (severely wounded, berserk, covered in acid, 82% to hit)
The searing ray hits Duvessa!
Duvessa is almost dead. (Press . to maintain the ray.) Duvessa hits you with a +0 rapier!
* * * LOW HITPOINT WARNING * * *
Duvessa hits you with a +0 rapier!!
You die...

### ##........##
##....# #..
######....###...#.#
#.#
#.....#.#.####.###.#
#.######.## #.....#
#. ### #..#### #
######.....#
#######..†...###.#
#.......###### #
#@####### #e# #.#
#.# #)# #.# #.# #.#


You could see Duvessa (berserk, corroded).

Vanquished Creatures
  Blork the orc (D:4)
  Dowan (D:5)
  A crimson imp (D:4)
  2 hounds (D:5)
  2 orc priests (D:3)
  A sleepcap (D:4)
  An orc wizard (D:3)
  Terence (D:3)
  2 iguanas (D:4)
  Robin (D:3)
  7 adders
  A shadow imp (D:5)
  A white imp (D:4)
  An ufetubus (D:5)
  2 worms
  A dart slug (D:2)
  5 orcs
  5 endoplasms
  5 giant cockroaches
  12 goblins
  11 hobgoblins
  4 jackals
  5 kobolds
  A quokka (D:2)
  14 ball pythons
  3 bats
  5 frilled lizards
  6 rats
102 creatures vanquished.

Notes
Turn   | Place    | Note
-------+----------+-------------------------------------------
     0 | D:1      | drewk1942 the Octopode Conjurer began the quest for the
                  | Orb.
     0 | D:1      | Reached XP level 1. HP: 11/11 MP: 3/3
   202 | D:1      | Reached skill level 3 in Stealth
   202 | D:1      | Reached XP level 2. HP: 17/17 MP: 3/5
   369 | D:1      | Found Humubbat's Distillery.
   378 | D:1      | Bought a potion of curing for 39 gold pieces
   955 | D:2      | Reached XP level 3. HP: 16/21 MP: 0/6
  1161 | D:2      | You fall into a shaft and drop 2 floors!
  1200 | D:4      | Found a snail-covered altar of Cheibriados.
  1341 | D:3      | Reached XP level 4. HP: 23/27 MP: 1/7
  1370 | D:3      | Reached skill level 4 in Stealth
  1521 | D:3      | Reached XP level 5. HP: 31/31 MP: 6/9
  1824 | D:3      | Learned a level 2 spell: Searing Ray
  1934 | D:3      | Noticed Terence
  2541 | D:3      | Noticed Robin
  2633 | D:3      | Reached XP level 6. HP: 26/36 MP: 7/10
  2635 | D:3      | Killed Robin
  2636 | D:3      | Reached skill level 5 in Stealth
  2769 | D:3      | Killed Terence
  2770 | D:3      | Reached skill level 5 in Conjurations
  3509 | D:4      | Noticed Blork the orc
  3517 | D:4      | Killed Blork the orc
  3654 | D:4      | Learned a level 4 spell: Iskenderun's Mystic Blast
  3880 | D:4      | Found a runed translucent door.
  3889 | D:4      | Noticed hero57213's ghost (amateur MiFi)
  4332 | D:4      | Reached XP level 7. HP: 41/41 MP: 8/12
  4637 | D:5      | Entered Level 5 of the Dungeon
  4929 | D:5      | Reached skill level 6 in Stealth
  4929 | D:5      | Reached skill level 1 in Translocations
  4972 | D:5      | Noticed Dowan
  4974 | D:5      | Noticed Duvessa
  4976 | D:5      | Killed Dowan
  4983 | D:5      | Mangled by Duvessa

Illustrated notes

Levels and vault maps discovered:
D:1:      minmay_arrival_diagonal_passages, layout_loops_ring, serial_shops,
          nicolae_shop_crystal, minivault_19
D:2:      layout_rooms, minmay_crystal_water, corner_web_ring, minmay_mini_jars
D:3:      layout_basic, uniq_terence, uniq_robin
D:4:      layout_layer_cave, cheibriados_altar_1, ebering_ghost_sewer_d,
          minmay_fire_ice_demons, uniq_blork_the_orc
D:5:      layout_loops_ring, mainiacjoe_overflow_paths, kennysheep_little_box,
          uniq_duvessa

Skill      XL: |  1  2  3  4  5  6  7 |
---------------+----------------------+-----
Stealth        | 3 4 5 6 |  6.1
Dodging        | 3 4 |  4.1
Spellcasting   | 3 |  3.8
Conjurations   | 5 |  5.4
Translocations | 1 |  1.1

Action                     |  1- 3 |  4- 6 |  7- 9 || total
---------------------------+-------+-------+-------++-------
  Melee: Unarmed           |     3 |       |       ||     3
         Constrict         |     3 |    12 |       ||    15
         Tentacles         |     3 |     6 |       ||     9
         Dagger            |     1 |    44 |       ||    45
   Cast: Magic Dart        |    59 |    92 |    22 ||   173
         Searing Ray       |       |     8 |     4 ||    12
  Evoke: Wand              |       |     2 |     4 ||     6
    Use: Scroll            |       |     8 |       ||     8
   Stab: Sleeping          |       |     2 |       ||     2
 Armour: Skin              |       |     8 |       ||     8
  Dodge: Dodged            |     3 |    55 |     3 ||    61

Table legend: (Time is in decaauts)
 A = Elapsed time spent in this place.
 B = Non-inter-level travel time spent in this place.
 C = Inter-level travel time spent in this place.
 D = Time resting spent in this place.
 E = Time spent auto-exploring this place.
 F = Levels seen in this place.
 G = Mean time per level.
                   A        B        C        D        E       F      G
               +--------+--------+--------+--------+--------+-----+--------+
         Total |   4985 |   4819 |    166 |    100 |   4166 |   5 |  997.0 |
       Dungeon |   4985 |   4819 |    166 |    100 |   4166 |   5 |  997.0 |
               +--------+--------+--------+--------+--------+-----+--------+

Top non-repeatable levels by time:
     D:4: 1509 daAuts
     D:3: 1315 daAuts
     D:2: 930 daAuts
     D:1: 884 daAuts
     D:5: 345 daAuts
